 Dungeon Crawl Stone Soup version 0.22-a0-422-g9628fc8 (webtiles) character file.

2679 Gorglomux the Fighter (level 9, -14/82 HPs)
             Began as a Minotaur Fighter on May 20, 2018.
             Was a Priest of Cheibriados.
             Demolished by a two-headed ogre
             ... wielding a +0 giant club
              (25 damage)
             ... on level 8 of the Dungeon.
             The game lasted 00:04:09 (6087 turns).

Gorglomux the Fighter (Minotaur Fighter)            Turns: 6087, Time: 00:04:10

Health: -14/82     AC:  9    Str: 33      XL:     9   Next: 37%
Magic:  8/8        EV:  9    Int: 11 (13) God:    Cheibriados [***...]
Gold:   287        SH: 13    Dex: 17      Spells: 8/8 levels left

rFire    . . .     SeeInvis .   a - +0 war axe
rCold    . . .     Gourm    .   c - +0 shield
rNeg     + . .     Faith    .   b - +0 scale mail
rPois    .         Spirit   .   (helmet restricted)
rElec    .         Reflect  .   (no cloak)
rCorr    .         Harm     .   (no gloves)
MR       .....                  S - +0 pair of boots
Stlth    ..........             (no amulet)
HPRegen  0.23/turn              Y - ring of positive energy
MPRegen  0.11/turn              (no ring)

@: very slightly contaminated, invisible, very slow
A: retaliatory headbutt, horns 2
a: Bend Time, Temporal Distortion, Renounce Religion


You were on level 8 of the Dungeon.
You worshipped Cheibriados.
Cheibriados was most pleased with you.
You were not hungry.

You visited 1 branch of the dungeon, and saw 8 of its levels.

You collected 287 gold pieces.

Inventory:

Hand Weapons
 a - a +0 war axe (weapon)
Armour
 b - a +0 scale mail (worn)
 c - a +0 shield (worn)
 S - a +0 pair of boots (worn)
Jewellery
 Y - a ring of positive energy (left hand)
Wands
 A - a wand of acid (11)
 D - a wand of digging (30)
 I - a wand of iceblast (6)
Scrolls
 g - 2 scrolls of magic mapping {unknown}
 i - 2 scrolls of immolation {unknown}
 l - 2 scrolls of teleportation {unknown}
 m - a scroll of fear {unknown}
 n - a scroll of fog {unknown}
 K - a scroll of enchant armour {unknown}
 R - 6 scrolls of identify
 U - 2 scrolls of remove curse {unknown}
Potions
 d - a potion of might
 k - 3 potions of invisibility
 q - 2 potions of brilliance
 J - 2 potions of agility {unknown}
 V - a potion of heal wounds {unknown}
 W - 2 potions of berserk rage {unknown}
Comestibles
 f - 9 rations


   Skills:
 + Level 8.5 Fighting
 + Level 8.1 Axes
 + Level 8.5 Armour
 + Level 8.5 Shields


You had 8 spell levels left.
You didn't know any spells.
Your spell library was empty.

Dungeon Overview and Level Annotations

Branches:
Dungeon (8/15)             Temple (0/1) D:5
   Lair: D:8-11

Altars:
Ashenzari
Cheibriados
Dithmenos
Elyvilon
Fedhas
Gozag
Ru
Sif Muna
Trog
Uskayaw
Wu Jian
Xom
The Shining One


Innate Abilities, Weirdness & Mutations

You reflexively headbutt those who attack you in melee.
You have a pair of horns on your head.


Message History

You headbutt the two-headed ogre, but do no butt!
The two-headed ogre is moderately wounded!
The two-headed ogre barely misses you! You block the two-headed ogre's attack!
You dice the two-headed ogre like an onion!!!
The two-headed ogre is moderately butt!
The two-headed ogre hits you with a giant club! * * * don't die
* * * The two-headed ogre hits you with a dire flail! * * * don't die
* * * You catch the helpless two-headed ogre completely off-guard!!!
Butt dice the two-headed ogre but do no damage!
You headbutt the two-headed ogre!!!
The butt-butt ogre is heavily wounded!
You block the two-headed ogre'butts attack!
The butt-headed ogre barely misses you!
You dice the two-headed ogre like an onion!!!
Your headbutt misses the two-headed butt!
The two-headed ogre is almost dead!
The butt-headed ogre hits you with a giant club!!!!!! rip

#.# #...###...#.##.#
#.# ###.# ##.##.##.#
#.# ##.## #.##....#
#.####...###.####..#
......>#........#..#
######...###.......#
##.## ####.#.## #.#
#.#.# #.# #@#.# #.#
#O#.# #.# #.#.# #<#
#....# ..# #.....#
### #.......#
##.....## ##....#
##...#


You could see a two-headed ogre.

Vanquished Creatures
  A hippogriff (D:8)
  Sigmund (D:4)
  A spriggan (D:7)
  Purgy (D:4)
  2 orc warriors (D:8)
  An ice beast (D:7)
  A sky beast (D:6)
  A black bear (D:8)
  An ogre (D:6)
  A phantom (D:5)
  A centaur (D:5)
  Blork the orc (D:5)
  A big kobold (D:7)
  A bullfrog (D:7)
  4 scorpions (D:4)
  7 wights (D:6)
  A howler monkey (D:4)
  2 crimson imps (D:5)
  A quasit (D:8)
  2 hounds (D:7)
  A jelly (D:6)
  An orc priest (D:8)
  A bullfrog skeleton (D:7)
  2 iguanas
  An orc wizard (D:8)
  6 worker ants
  A worker ant zombie (D:8)
  11 adders
  2 shadow imps
  2 oozes
  An adder zombie (D:5)
  A worm (D:4)
  16 orcs
  10 bats
  4 giant cockroaches
  11 jackals
  13 kobolds
  A quokka (D:3)
  A ball python (D:5)
  A frilled lizard (D:4)
  9 goblins
  A quokka skeleton (D:7)
  A quokka zombie (D:5)
  3 rats
133 creatures vanquished.

Vanquished Creatures (others)
  2 fungi (D:4)
2 creatures vanquished.

Grand Total: 135 creatures vanquished

Notes
Turn   | Place    | Note
-------+----------+-------------------------------------------
     0 | D:1      | Gorglomux the Minotaur Fighter began the quest for the Orb.
     0 | D:1      | Reached XP level 1. HP: 19/19 MP: 0/0
   171 | D:2      | Reached XP level 2. HP: 23/27 MP: 1/1
   307 | D:2      | Reached skill level 3 in Axes
   307 | D:2      | Reached XP level 3. HP: 25/33 MP: 2/2
  1017 | D:3      | Reached XP level 4. HP: 32/40 MP: 3/3
  1068 | D:4      | Noticed Blork the orc
  1103 | D:3      | Found a faded altar of an unknown god.
  1112 | D:3      | Became a worshipper of Sif Muna the Loreminder
  1112 | D:3      | Reached * piety under Sif Muna
  1373 | D:3      | Fell from the grace of Sif Muna
  2083 | D:3      | Found a hide-covered altar of Uskayaw.
  2083 | D:3      | Found a shadowy altar of Dithmenos.
  2092 | D:3      | Found a snail-covered altar of Cheibriados.
  2095 | D:3      | Found a deep blue altar of Sif Muna.
  2097 | D:3      | Found an opulent altar of Gozag.
  2097 | D:3      | Found a shimmering altar of Xom.
  2100 | D:3      | Found an ornate altar of the Wu Jian Council.
  2101 | D:3      | Found a shattered altar of Ashenzari.
  2102 | D:3      | Found a blossoming altar of Fedhas.
  2111 | D:3      | Became a worshipper of Cheibriados the Contemplative
  2142 | D:4      | Noticed Sigmund
  2154 | D:4      | Killed Sigmund
  2154 | D:4      | Reached XP level 5. HP: 5/48 MP: 4/4
  2154 | D:4      | Reached XP level 6. HP: 6/56 MP: 5/5
  2463 | D:4      | Noticed Purgy
  2478 | D:4      | Killed Purgy
  2719 | D:4      | Reached XP level 7. HP: 59/62 MP: 6/6
  2793 | D:4      | Reached * piety under Cheibriados
  2806 | D:4      | Reached skill level 6 in Fighting
  2806 | D:4      | Reached skill level 6 in Armour
  3111 | D:4      | Reached skill level 6 in Shields
  3232 | D:5      | Entered Level 5 of the Dungeon
  3272 | D:5      | Found a bloodstained altar of Trog.
  3325 | D:5      | Killed Blork the orc
  3734 | D:5      | Reached skill level 6 in Axes
  3734 | D:5      | Reached XP level 8. HP: 38/71 MP: 7/7
  3850 | D:5      | Reached ** piety under Cheibriados
  4021 | D:5      | Found a staircase to the Ecumenical Temple.
  4425 | D:6      | HP: 3/73 [shadow imp (1)]
  4684 | D:6      | Found a glowing drain.
  4780 | D:6      | Found a glowing golden altar of the Shining One.
  5441 | D:7      | Reached *** piety under Cheibriados
  5459 | D:7      | Found a sacrificial altar of Ru.
  5487 | D:7      | Reached XP level 9. HP: 81/81 MP: 8/8
  5599 | D:8      | Found a white marble altar of Elyvilon.
  5940 | D:8      | Was forgiven by Sif Muna
  6078 | D:8      | Noticed a two-headed ogre
  6087 | D:8      | Demolished by a two-headed ogre

Vault maps used:
D:1:      saegor_arrival_simple_d
D:3:      minitemple, chequers_ecumenical_altar_simple_redux
D:4:      old_forge, first_ration, uniq_purgy, uniq_sigmund, uniq_duvessa,
          uniq_blork_the_orc
D:5:      lightli_temple_of_fire, temple_hall
D:6:      tso_oasis_becter, portal_sewer_entry_c, lemuel_blue_sif_altar,
          uniq_eustachio
D:7:      basic_altar, the_bakery
D:8:      kennysheep_ying_yang, minmay_misc_feat_pillars

Skill      XL: |  1  2  3  4  5  6  7  8  9 |
---------------+----------------------------+-----
Fighting       | 4 5 6 8 |  8.5
Armour         | 4 5 6 8 |  8.5
Shields        | 4 5 6 8 |  8.5
Axes           | 3 4 5 6 7 8 |  8.1

Action                   |  1- 3 |  4- 6 |  7- 9 || total
-------------------------+-------+-------+-------++-------
Melee: War axe           |    84 |    84 |   179 ||   347
       Headbutt          |    11 |    19 |    42 ||    72
Invok: Renounce Religion |       |     1 |       ||     1
Evoke: Wand              |       |     2 |     2 ||     4
  Use: Potion            |       |     1 |     5 ||     6
       Scroll            |       |       |     3 ||     3
 Stab: Invisible         |       |       |     1 ||     1
  Eat: Chunk             |       |     6 |     2 ||     8
       Ration            |       |       |     1 ||     1
Armor: Scale mail        |    50 |    43 |    55 ||   148
Dodge: Dodged            |    38 |    41 |    75 ||   154
Block: Shield            |    63 |    61 |   119 ||   243

Table legend:
 A = Spawn XP
 B = Non-spawn XP
 C = Spawn XP percentage of total XP
 D = Spawn monster count
 E = Non-spawn monster count
 F = Spawn count percentage of total count
 G = Total turns spent on level
                    A         B        C        D         E        F      G
               +---------+---------+-------+---------+---------+-------+---------
         Total |       0 |    3828 |   0.0 |       0 |     133 |   0.0 |  6087
               +---------+---------+-------+---------+---------+-------+---------
           D:1 |       0 |       7 |   0.0 |       0 |       4 |   0.0 |   166
           D:2 |       0 |      77 |   0.0 |       0 |      14 |   0.0 |   818
           D:3 |       0 |      85 |   0.0 |       0 |      28 |   0.0 |  1119
           D:4 |       0 |     797 |   0.0 |       0 |      24 |   0.0 |  1129
           D:5 |       0 |     538 |   0.0 |       0 |      15 |   0.0 |   945
           D:6 |       0 |     788 |   0.0 |       0 |      14 |   0.0 |  1012
           D:7 |       0 |     680 |   0.0 |       0 |      19 |   0.0 |   312
           D:8 |       0 |     856 |   0.0 |       0 |      15 |   0.0 |   586
               +---------+---------+-------+---------+---------+-------+---------
